 Dungeon Crawl Stone Soup version 0.26-a0-852-g6321bf7485 (webtiles) character file.

Game seed: 18419185171115087325

5 radmarco the Sneak (level 1, 0/17 HPs)
             Began as a Draconian Brigand on Nov 21, 2020.
             Slain by an ooze (2 damage)
             ... on level 2 of the Dungeon.
             The game lasted 00:02:05 (196 turns).

radmarco the Sneak (Draconian Brigand)               Turns: 196, Time: 00:02:05

Health: 0/17       AC:  5    Str: 13    XL:     1   Next: 66%
Magic:  1/1        EV: 11    Int: 11    God:
Gold:   0          SH:  0    Dex: 12    Spells: 0/0 levels left

rFire    . . .     SeeInvis .   a - +2 dagger
rCold    . . .     Faith    .   (no shield)
rNeg     . . .     Spirit   .   (armour unavailable)
rPois    .         Reflect  .   (helmet restricted)
rElec    .         Harm     .   b - +0 cloak
rCorr    .         Rampage  .   (no gloves)
MR       .....                  (no boots)
Stlth    ++........             (no amulet)
HPRegen  0.05/turn              (no ring)
MPRegen  0.07/turn              (no ring)

@: no status effects
A: unfitting armour, cold-blooded, AC +4
a: no special abilities


You were on level 2 of the Dungeon.
You visited 1 branch of the dungeon, and saw 2 of its levels.

Inventory:

Hand Weapons
 a - a +2 dagger (weapon)
 i - a +0 spear
Missiles
 c - 8 poisoned darts (quivered)
 d - 2 curare-tipped darts
Armour
 b - a +0 cloak (worn)
 f - a +0 robe
Scrolls
 e - a scroll of random uselessness {unknown}
 j - a scroll of amnesia {unknown}
Potions
 g - a potion of brilliance {unknown}
 h - a potion of mutation {unknown}


   Skills:
 + Level 2.3 Fighting
 + Level 2.0 Short Blades
 + Level 1.8 Throwing
 + Level 0.9 Dodging
 + Level 3.8 Stealth


You couldn't memorise any spells.
You didn't know any spells.
Your spell library was empty.

Dungeon Overview and Level Annotations

Branches:
Dungeon (2/15)

Altars:


Innate Abilities, Weirdness & Mutations

Your plain brown scales are hard. (AC +4)
You cannot fit into any form of body armour.
You are cold-blooded and may be slowed by cold attacks.


Message History

You kill the jackal!
The jackal barely misses you. The jackal closely misses you.
The jackal bites you but does no damage.
The jackal misses you.
You hit the jackal.
The jackal is severely wounded.
The jackal pauses to sniff the ground.
The jackal bites you but does no damage.
The jackal barely misses you. x2
You hit the jackal.
You kill the jackal!
The jackal bites you. The jackal barely misses you.
The jackal bites you but does no damage.
The jackal bites you. The ooze hits you.
* * * LOW HITPOINT WARNING * * *
The goblin hits you but does no damage. The jackal bites you.
* * * LOW HITPOINT WARNING * * *
The jackal barely misses you.
You hit the ooze but do no damage. The ooze hits you.
You die...

#..........##
#..#.#.#.#..#
#...........#
##..#.#.#.#..#
.............#
....#.#.#.#..#
#....gJ.....#
#..#K#@#.#..#
#....h.h....#
#.#####.>...#
#######.#####.....#
#.................#
##.###.......†.....# #
.....#...#####....##..
#......#()(#........
##.##..#?$(#.....#..


You could see an ooze, 2 jackals, a goblin and a kobold.

Vanquished Creatures
  2 jackals (D:2)
  A bat (D:2)
  A frilled lizard (D:2)
  2 rats
6 creatures vanquished.

Notes
Turn   | Place    | Note
-------+----------+-------------------------------------------
     0 | D:1      | radmarco the Draconian Brigand began the quest for the Orb.
     0 | D:1      | Reached XP level 1. HP: 17/17 MP: 1/1
   196 | D:2      | Slain by an ooze

Illustrated notes

Levels and vault maps discovered:
D:1:      dpeg_arrival_orchard, layout_loops_ring, serial_bayou_lagoon_b
D:2:      layout_basic, lemuel_doored_altar, serial_glass, glass_columns_c,
          glass_columns_c, glass_columns_c, glass_columns_a, glass_columns_b,
          due_unseen_surprise, chequers_serial_rivers_large_a,
          minmay_shallow_snake_nest

Action                   || total
-------------------------++-------
Melee: Dagger            ||    16
       Tailslap          ||     1
 Stab: Sleeping          ||     2
Armor: Skin              ||    12
Dodge: Dodged            ||    25

Table legend: (Time is in decaauts)
 A = Elapsed time spent in this place.
 B = Non-inter-level travel time spent in this place.
 C = Inter-level travel time spent in this place.
 D = Time resting spent in this place.
 E = Time spent auto-exploring this place.
 F = Levels seen in this place.
 G = Mean time per level.
                   A        B        C        D        E       F      G
               +--------+--------+--------+--------+--------+-----+--------+
         Total |    194 |    189 |      5 |      0 |      0 |   2 |   97.0 |
       Dungeon |    194 |    189 |      5 |      0 |      0 |   2 |   97.0 |
               +--------+--------+--------+--------+--------+-----+--------+

Top non-repeatable levels by time:
     D:1: 124 daAuts
     D:2: 69 daAuts
